 Dungeon Crawl Stone Soup version bcrawl-1.39.2 (webtiles) character file.

Game seed: 18118846223487545146

7909329 zoran the Slayer (level 27, -3/254 HPs)
             Began as a Sand Dwarf Archaeologist on Oct 10, 2023.
             Was a High Priest of Okawaru.
             Slain by a red draconian knight
             ... wielding a +0 great mace
              (23 damage)
             ... on level 3 of the Realm of Zot on Oct 11, 2023.
             The game lasted 03:29:33 (63992 turns).

zoran the Slayer (Sand Dwarf Archaeologist)        Turns: 63992, Time: 03:29:34

Health: -3/254     AC: 44    Str: 23    XL:     27
Magic:  15/48      EV: 10    Int: 22    God:    Okawaru [*****.]
Gold:   1526       SH: 28    Dex:  7    Spells: 27/50 levels left

rFire    + . .     GDR:     39% u - +9 demon whip (elec)
rCold    + + .     SeeInvis +   O - +4 medium shield {reflect}
rNeg     + . .     Gourm    .   C - +0 crystal plate armour
rPois    +         Faith    .   M - +0 helmet of the Lizard {rElec rPois MP+9 Int-2}
rElec    +         Spirit   .   X - +2 cloak of the Thief {+Fog +Inv Slay-2 SInv Stlth+}
rCorr    .         Reflect  +   I - +2 pair of gloves {archery}
MR       +++..                  s - +2 pair of boots {Stlth++}
Stlth    ..........             U - +5 amulet of reflection
HPRegen  0.52/turn              n - ring "Ucrojop" {+Fly rF+}
MPRegen  0.31/turn              h - ring "Mosuirgha" {+Fly rC++ rN+ Str+3}

@: heroism, finesse, studying Slings, slow
A: small, clumsy 1, slowness 1, subdued magic 1, armour attunement
}: 3/15 runes: decaying, barnacled, slimy
a: Heroism, Finesse, Renounce Religion, Evoke Fog, Evoke Invisibility, Evoke
Flight


You were on level 3 of the Realm of Zot.
You worshipped Okawaru.
Okawaru was extremely pleased with you.
You were not hungry.

You visited 11 branches of the dungeon, and saw 44 of its levels.
You also visited: Gauntlet.

You collected 6587 gold pieces.
You spent 5061 gold pieces at shops.

Inventory:

Hand Weapons
 b - a +0 blowgun
 u - a +9 demon whip of electrocution (weapon)
 V - the +3 demon whip of Premature Burial {slash, rN++ Str+5 Stlth-}
   (Okawaru gifted it to you on level 3 of the Depths)

   It will always inflict at least some extra damage.
   This minimum extra damage increases with your current reserve of magical
   power.
   It affects your strength (+5).
   It greatly protects you from negative energy.
   It makes you less stealthy.
Missiles
 f - a curare-tipped needle
 t - 1056 poisoned tomahawks (quivered)
 B - 4 throwing nets {=f}
Armour
 p - the scarf "Okefe" {Spirit, rC+ Int+2 Dex+2}
   (You found it on level 1 of the Crypt)

   It affects your intelligence (+2).
   It affects your dexterity (+2).
   It protects you from cold.
 s - a +2 pair of boots of stealth (worn)
 C - a +0 crystal plate armour (worn)
 I - a +2 pair of gloves of archery (worn)
 M - the +0 helmet of the Lizard (worn) {rElec rPois MP+9 Int-2}
   (You bought it in a shop on level 8 of the Dungeon)

   It affects your intelligence (-2).
   It insulates you from electricity.
   It protects you from poison.
   It affects your magic capacity (+9).
 O - a +4 medium shield of reflection (worn)
 X - the +2 cloak of the Thief (worn) {+Fog +Inv Slay-2 SInv Stlth+}
   (You found it on level 3 of the Depths)

   It affects your accuracy and damage with ranged weapons and melee attacks
   (-2).
   It lets you see invisible.
   It lets you turn invisible.
   It makes you more stealthy.
Jewellery
 h - the ring "Mosuirgha" (right hand) {+Fly rC++ rN+ Str+3}
   (You bought it in a shop in the Orcish Mines)

   [ring of positive energy]

   It affects your strength (+3).
   It greatly protects you from cold.
   It protects you from negative energy.
   It lets you fly.
 j - an uncursed ring of resist corrosion
 n - the ring "Ucrojop" (left hand) {+Fly rF+}
   (You found it on level 1 of the Elven Halls)

   [ring of flight]

   It protects you from fire.
   It lets you fly.
 U - a +5 amulet of reflection (around neck)
Wands
 d - a wand of polymorph (23)
 i - a wand of iceblast (13)
 J - a wand of acid (36)
 Q - a wand of paralysis (5)
 R - a wand of disintegration (12)
 S - a wand of digging (25)
Scrolls
 c - 3 scrolls of immolation
 g - 3 scrolls of revelation
 m - 10 scrolls of teleportation
 r - 20 scrolls of remove curse
 y - 5 scrolls of vulnerability
 D - 11 scrolls of fear
 E - 4 scrolls of fog
 F - a scroll of summoning
 N - 2 scrolls of blinking
Potions
 a - 6 potions of heal wounds
 k - 7 potions of lignification
 l - a potion of invisibility
 o - 15 potions of curing
 q - a potion of ambrosia
 w - 3 potions of magic
 x - 8 potions of haste
 z - 4 potions of resistance
 K - 3 potions of mutation
 L - 5 potions of flight
 P - 3 potions of cancellation
 T - a potion of brilliance
 Z - a potion of might
Miscellaneous
 v - a box of beasts
 A - a sack of spiders (inert)
 G - a lamp of fire (inert)
 H - a phial of floods (inert)
 W - a phantom mirror
 Y - a fan of gales (2/2)
Comestibles
 e - 18 rations {!d}


   Skills:
 - Level 22.0(27) Fighting
 - Level 15.0(20.0) Maces & Flails
 - Level 10.0(15.0) Throwing
 + Level 20.3(25.3) Armour
 - Level 5.0(10.0) Dodging
 - Level 5.0(10.0) Stealth
 - Level 22.0(27) Shields
 - Level 12.0 Spellcasting
 - Level 13.0 Charms
 - Level 13.0 Necromancy
 - Level 5.0 Translocations
 - Level 14.0 Fire Magic
 - Level 10.0 Invocations
 - Level 15.0 Evocations


You had 27 spell levels left.
You knew the following spells:

 Your Spells              Type           Power        Failure   Level  Hunger
l - Blink                 Tloc           N/A          2%          2    None
m - Dispel Undead         Necr           ######..     1%          5    ##.....
q - Corpse Rot            Necr           N/A          1%          2    None
s - Steam Barrier         Chrm/Fire      ######....   1%          5    ##.....
t - Regeneration          Chrm/Necr      ######....   1%          3    None
y - Death Channel         Chrm/Necr      ######....   10%         6    ####...

Your spell library contained the following spells:

 Spells                   Type           Power        Failure   Level  Hunger
 Apportation              Tloc           ####..       1%          1    None
 Blink Other              Tloc           ####..       1%          1    None
 Flame Tongue             Conj/Fire      ####.        1%          1    None
 Conjure Flame            Conj/Fire      ####....     1%          3    None
 Inner Flame              Hex/Fire       N/A          1%          3    None
 Animate Dead             Necr           N/A          1%          4    None
 Piercing Shot            Chrm           ######....   1%          5    ##.....
 Ozocubu's Armour         Chrm/Ice       ####....     2%          3    None
 Beckoning                Tloc           ####......   4%          3    None
 Portal Projectile        Tloc           ####..       4%          3    None
 Teleport Other           Tloc           ####....     4%          3    None
 Throw Frost              Conj/Ice       ##....       9%          2    None
 Beastly Appendage        Tmut           ##....       14%         1    None
 Corona                   Hex            ##.....      14%         1    None
 Freeze                   Ice            ##....       14%         1    None
 Magic Dart               Conj           ##..         14%         1    None
 Slow                     Hex            ##......     14%         1    None
 Summon Butterflies       Summ           ##......     14%         1    None
 Summon Small Mammal      Summ           ##..         14%         1    None
 Recall                   Summ/Tloc      N/A          16%         3    None
 Call Imp                 Summ           ##....       22%         2    None
 Ensorcelled Hibernation  Hex/Ice        ##....       22%         2    None
 Passwall                 Tmut/Erth      ##......     22%         2    None
 Shackle                  Hex            ##......     22%         2    None
 Shock                    Conj/Air       ##.....      22%         2    None
 Sticks to Snakes         Tmut           ##......     22%         2    None
 Bolt of Draining         Conj/Necr      ####......   28%         5    ##.....
 Iskenderun's Battlesphe  Conj/Chrm      ####....     28%         5    ##.....
 Call Canine Familiar     Summ           ##......     41%         3    None
 Confuse                  Hex            ##......     41%         3    None
 Dazzling Orbs            Conj/Hex       ##.....      41%         3    None
 False Image              Hex/Summ       ##......     41%         3    None
 Mephitic Cloud           Conj/Pois/Air  ##......     41%         3    None
 Spider Form              Tmut/Pois      ##.          41%         3    None
 Stone Arrow              Conj/Erth      ##....       41%         3    None
 Tukima's Dance           Hex            ##......     41%         3    None
 Passage of Golubria      Tloc           N/A          47%         5    ##.....
 Bolt of Magma            Conj/Fire/Erth ####......   52%         5    ##.....
 Airstrike                Air            ##........   83%         4    None
 Cause Fear               Hex            ##........   83%         4    None
 Ice Form                 Ice/Tmut       ##......     83%         4    None
 Summon Ice Beast         Ice/Summ       ##......     83%         4    None
 Throw Icicle             Conj/Ice       ##......     83%         4    None
 Tree Form                Hex/Tmut       N/A          83%         4    None
 Yara's Violent Unravell  Hex/Tmut       ##........   83%         4    None
 Summon Forest            Summ/Tloc      ###.......   83%         5    ##.....
 Deflect Missiles         Chrm/Air       ####......   85%         6    ####...
 Simulacrum               Ice/Necr       ####....     85%         6    ####...
 Blade Hands              Tmut           ##........   99%         5    ##.....
 Lee's Rapid Deconstruct  Erth           ##........   99%         5    ##.....
 Metabolic Englaciation   Hex/Ice        ##........   99%         5    ##.....
 Silence                  Hex/Air        ##........   99%         5    ##.....
 Summon Lightning Spire   Summ/Air       ##......     99%         5    ##.....
 Summon Mana Viper        Hex/Summ       ##......     99%         5    ##.....
 Bolt of Cold             Conj/Ice       ##........   100%        6    ####...
 Infestation              Hex/Tmut/Pois  ##.......    100%        6    ####...
 Invisibility             Hex            ##......     100%        6    ####...
 Iron Shot                Conj/Erth      ##........   100%        6    ####...
 Poison Arrow             Conj/Pois      ##........   100%        6    ####...
 Statue Form              Tmut/Erth      ##.......    100%        6    ####...
 Summon Hydra             Summ           ##........   100%        6    ####...
 Discord                  Hex            ##........   100%        7    ######.
 Dragon Form              Tmut           ##.....      100%        7    ######.
 Mana Rupture             Conj/Hex       ##........   100%        7    ######.
 Monstrous Menagerie      Summ           ##........   100%        7    ######.
 Necromutation            Tmut/Necr      ####....     100%        8    #######
 Time Stop                Chrm/Tloc      N/A          100%        8    #######
 Tornado                  Tloc/Air       ###.......   100%        8    #######
 Dragon's Call            Summ           ##........   100%        9    #######
 Shatter                  Erth           ##........   100%        9    #######


Dungeon Overview and Level Annotations

Branches:
Dungeon (12/12)            Temple (0/1) D:6            Lair (6/6) D:8
  Swamp (3/3) Lair:4       Shoals (3/3) Lair:2        Slime (5/5) Orc
    Orc (1/1) D:9             Elf (2/3) Lair:5       Vaults (2/3) D:12
  Crypt (2/2) Vaults:1       Tomb (0/3) Crypt:2      Depths (5/5) D:12
    Zot (3/5) Depths:5

Altars:
Ashenzari
Cheibriados
Dithmenos
Fedhas
Gozag
Hepliaklqana
Kikubaaqudgha
Okawaru
Qazlal
Sif Muna
Uskayaw
Vehumet
Xom
Yredelemnul
Zin
The Shining One
Jiyva

Shops:
D:7 (   D:8 [   D:9 (   D:11 (   D:12 **   Orc =}[(*   Shoals:2 *   Shoals:3 [
Vaults:1 %   Vaults:2 [   Depths:1 !:!:*   Depths:2 *

Portals:
Hell: Depths:1 Depths:2 Depths:3 Depths:4 Depths:5
Abyss: Depths:4
Pandemonium: Depths:2 Depths:3
Ziggurat: Depths:4

Annotations:
Elf:1 1 runed door
Elf:2 3 runed doors


Innate Abilities, Weirdness & Mutations

You are small and have problems with some larger weapons.
You cover ground slowly.
Armour does not affect your spellcasting.
You are clumsy. (Dex -2)
Your spells are a little easier to cast, but a little less powerful.


Message History

Your mature oxshock beast hits the white draconian knight!
Your mature oxshock beast tramples the white draconian knight!
The white draconian knight holds its ground!
* * * LOW HITPOINT WARNING * * *
The grasping roots constrict you.
You escape the roots' grasp.
You resist. The blast of flame hits you!
* * * LOW HITPOINT WARNING * * *
Your mature oxshock beast hits the red draconian knight!
Your mature oxshock beast tramples the red draconian knight!
The red draconian knight holds its ground!
The white draconian knight breathes frost at you.
You resist. The chilling breath hits you.
* * * LOW HITPOINT WARNING * * *
You hear a sizzling sound!
There is a stone staircase leading up, spattered with blood here.
You block the white draconian knight's attack.
The ghost moth stares at you.
You feel your power leaking away.
The red draconian knight hits you with a +0 great mace!!
You die...

####.# #### ##....###....
### ............. ....
..§......... ...
)..§§§§y§.. ... .....§§###
#.# §...)§.§.##### #.#
§...§d.)dH...# ##.##
§...§.§..Zd..###@..#
........d....##qq).########
......####.ZyyqH...(.......
...q..# #..[qd........###
......# #...#####......#
##....# #...# #......#
#....#.....# ########
####.#...### #.#...


You could see 3 draconians, a red draconian, a black draconian annihilator, a
ghost moth (invisible) and a friendly mature oxshock beast.

Vanquished Creatures
  the Royal Jelly (Slime:5)
  A juggernaut (Depths:4)
  Mara (Depths:2)
  Sojobo (Crypt:1)
  3 golden dragons
  the Enchantress (Depths:4)
  Saint Roka (Depths:2)
  Gastronok (Lair:3)
  6 caustic shrikes
  3 rockslimes
  A profane servitor (Crypt:2)
  An electric golem (Zot:1)
  4 bone dragons
  Zenata (Vaults:2)
  2 Orb Demons
  A shard shrike zombie (Crypt:1)
  A Shadow Fiend (Depths:3)
  2 tentacled monstrosities (Zot:2)
  3 Orb Guardians
  4 liches
  2 quicksilver dragons (Zot:2)
  A titan (Depths:5)
  2 death cobs
  3 sphinxes
  7 ancient champions
  Kirke (Lair:3)
  27 acid blobs
  7 ghouls
  3 thorn hunters
  7 storm dragons
  4 shadow dragons
  Ilsuiw (Shoals:3)
  Roxanne (D:12)
  4 fire giants
  A fire giant (shapeshifter) (Vaults:1)
  A draconian knight (Zot:3)
  A revenant (Crypt:1)
  5 tengu reavers
  A greenwood witch (Zot:2)
  10 frost giants
  13 azure jellies
  4 vault wardens
  A ghost moth (Zot:2)
  A cacodemon (Depths:2)
  An orc warlord (Vaults:2)
  9 stone giants
  2 curse skulls (Crypt:1)
  6 spriggan defenders
  7 jiangshi
  9 ironheart preservers
  26 very ugly things
  7 green draconians
  13 vampire knights
  5 black draconians
  A deep elf demonologist (Depths:4)
  9 dire elephants
  5 red draconians
  An entropy weaver (Vaults:2)
  6 white draconians
  2 deep elf annihilators
  A purple draconian (Zot:1)
  2 minotaurs
  2 deep elf death magi
  Azrael (Orc)
  2 yellow draconians (Zot:2)
  2 eidola (Crypt:1)
  A mummy priest (Crypt:2)
  3 merfolk javelineers
  6 merfolk impalers
  Urug (Lair:2)
  10 ettins
  2 quicksilver dragon zombies (Swamp:3)
  5 fire dragons
  11 yaktaur captains
  Harold (D:8)
  4 vault guards
  22 hydras
  6 rakshasas
  8 ice dragons
  6 ghost crabs
  A catoblepas (D:6)
  3 alligator snapping turtles
  15 great orbs of eyes
  4 spriggan air magi
  2 shadow wraiths
  7 shambling mangroves
  2 death knights (Crypt:1)
  2 satyrs
  4 merfolk avatars
  14 two-headed ogres
  6 ogre magi
  6 alligators
  An anaconda (Depths:4)
  2 merfolk aquamancers
  A death scarab (Gauntlet)
  8 dancing weapons
  7 sea snakes
  9 death oozes
  A sea snake (shapeshifter) (Vaults:2)
  A death yak (Lair:6)
  4 deep troll shamans
  2 tengu warriors
  4 ancient automatons
  3 vampire magi
  6 deep troll earth magi
  An ironheart beastmaster (Vaults:2)
  3 orc high priests (Orc)
  10 deep elf knights
  2 spriggan berserkers
  36 deep trolls
  18 hell knights
  30 centaur warriors
  15 skeletal warriors
  An iron troll (Depths:2)
  An unseen horror (D:11)
  A fire crab (Shoals:2)
  2 glowing orange brains
  A salamander mystic (Depths:4)
  A spectral anaconda (Lair:6)
  4 swamp dragons
  5 spriggan druids
  5 anaconda zombies
  Pikel (D:5)
  10 wizards
  7 flayed ghosts
  3 shadow demons (Depths:3)
  6 spectral hydras
  5 orc knights (Orc)
  5 ironheart convokers
  A lindwurm (shapeshifter) (Depths:3)
  An obsidian statue (Lair:6)
  A harpy (shapeshifter) (Depths:4)
  43 deep elf magi
  9 deep elf archers
  16 harpies
  11 phantasmal warriors
  7 necromancers
  50 ugly things
  4 cyclopes
  5 wolf spider zombies
  4 orc sorcerers (Orc)
  4 shining eyes
  A frost giant zombie (Crypt:2)
  9 fauns
  7 manticores
  3 salamanders
  14 elephants
  An elephant (shapeshifter) (Depths:1)
  4 will-o'-wisps (Swamp:1)
  6 moths of wrath
  A dire elephant zombie (Lair:6)
  An iron dragon skeleton (Crypt:2)
  3 black mambas (Lair:6)
  8 vault sentinels
  An ice statue (Gauntlet)
  A black mamba (shapeshifter) (Depths:2)
  An orange demon (Depths:2)
  A stone giant skeleton (Crypt:2)
  A rust devil (Depths:2)
  7 merfolk sirens
  A cane toad (shapeshifter) (Depths:2)
  8 water nymphs
  A gargoyle (D:12)
  A guardian serpent (shapeshifter) (Depths:1)
  A red draconian zombie (Crypt:2)
  19 cane toads
  A rime drake (Gauntlet)
  3 efreet (Depths:2)
  A swamp worm zombie (Crypt:2)
  An ice devil (Depths:5)
  4 flying skulls (Crypt:1)
  7 freezing wraiths
  12 komodo dragons
  28 yaktaurs
  4 guardian mummies (Crypt:2)
  A hydra zombie (Swamp:3)
  A tengu conjurer (Vaults:1)
  An eye of draining (D:11)
  A red draconian skeleton (Crypt:2)
  A red devil (Depths:2)
  22 merfolk
  A hellwing (Depths:2)
  A wandering mushroom (Swamp:3)
  4 meliai (Shoals:1)
  11 trolls
  20 hornets
  2 polar bears
  13 tyrant leeches
  2 hydra skeletons
  A harpy skeleton (D:12)
  A stone giant simulacrum (Vaults:1)
  15 blink frogs
  A spectral elephant (Lair:6)
  Prince Ribbit (Lair:1)
  134 slime creatures
  Grinder (D:6)
  8 snapping turtles
  2 ettin zombies (Crypt:1)
  12 bog bodies
  9 hippogriffs
  8 shadows
  24 dream sheep
  A fire dragon zombie (Crypt:1)
  11 water elementals
  7 spriggans
  2 wyverns
  A vampire (D:12)
  A spriggan (shapeshifter) (Elf:2)
  An air elemental (Elf:2)
  A wyvern (shapeshifter) (Shoals:3)
  2 tarantellas
  2 dire elephant simulacra
  5 basilisks
  2 hogs (Lair:3)
  7 wraiths
  5 fire elementals
  3 golden eyes (Slime:3)
  An ushabti (Crypt:2)
  10 yaks
  7 redbacks
  A spectral cane toad (Lair:6)
  2 swamp worms (shapeshifter)
  3 wargs
  9 swamp worms
  A two-headed ogre zombie (Crypt:1)
  3 acid dragons
  7 water moccasins
  A floating eye (shapeshifter) (Depths:1)
  12 crocodiles
  Duvessa (D:6)
  A floating eye (Shoals:1)
  9 porcupines
  4 hell hounds (Orc)
  17 swamp drakes
  A meliai simulacrum (D:12)
  3 black bears
  A hornet zombie (D:12)
  24 orc warriors
  2 soldier ants (shapeshifter) (Vaults:1)
  2 slaves (D:5)
  3 elephant zombies (Lair:6)
  4 ice beasts
  2 phantoms
  3 necrophages
  4 ettin simulacra
  17 ogres
  15 boggarts
  6 wolves (Lair:2)
  A blink frog skeleton (Crypt:2)
  An elephant skeleton (Lair:6)
  A manticore skeleton (Crypt:1)
  2 kobold brigands
  10 bullfrogs
  A komodo dragon skeleton (Crypt:1)
  22 centaurs
  5 earth elementals
  A wyvern zombie (Crypt:2)
  A wyvern skeleton (D:8)
  4 scorpions
  Dowan (D:6)
  8 wights
  4 elephant simulacra (Lair:6)
  2 vampire bats (D:6)
  5 howler monkeys
  A wolf zombie (Crypt:1)
  19 orc priests
  2 electric eels
  7 crimson imps
  4 jellies
  4 hounds
  22 orc wizards
  A quasit (D:8)
  A bullfrog skeleton (D:6)
  3 iguanas
  A human skeleton (Crypt:1)
  13 worker ants
  An acid dragon zombie (Crypt:2)
  A crocodile zombie (Crypt:2)
  An acid dragon skeleton (Crypt:2)
  A human simulacrum (Crypt:1)
  2 hound skeletons
  12 mummies
  A howler monkey zombie (Crypt:1)
  A worker ant zombie (D:9)
  A howler monkey skeleton (D:5)
  21 adders
  A shadow imp (D:12)
  2 adder skeletons
  A worm (D:1)
  A dart slug (D:3)
  4 leopard geckos
  69 orcs
  3 ball pythons
  3 bats
  5 bat skeletons (D:6)
  A bat zombie (D:6)
  5 giant cockroaches
  4 goblins
  9 hobgoblins
  4 jackals (D:2)
  18 kobolds
  A ball python zombie (Crypt:2)
  6 frilled lizards
  A jackal zombie (D:6)
  A kobold skeleton (Crypt:1)
  A quokka zombie (D:6)
  7 rats
  2 briar patches (Depths:4)
  2 plants
1823 creatures vanquished.

Vanquished Creatures (collateral kills)
  Bai Suzhen (Depths:2)
  A caustic shrike (Depths:3)
  A rockslime (Zot:2)
  A quicksilver dragon (Zot:2)
  An acid blob (Slime:2)
  A death cob (Zot:1)
  2 storm dragons
  A vault warden (Vaults:1)
  2 deep elf sorcerers
  A hydra zombie (Swamp:3)
  A draconian shifter (Zot:3)
  A stone giant (Depths:2)
  An ironheart preserver (Vaults:1)
  A green draconian (Zot:2)
  A deep elf demonologist (Depths:4)
  2 red draconians
  A yellow draconian (Zot:2)
  A purple draconian (Zot:2)
  2 dire elephants (Zot:2)
  3 white draconians
  2 deep elf death magi
  A mummy priest (Crypt:2)
  A rakshasa (Depths:3)
  A great orb of eyes (Slime:2)
  A shambling mangrove (Swamp:3)
  2 two-headed ogres (Vaults:1)
  A sea snake (Shoals:1)
  A deep troll earth mage (Depths:2)
  An ironheart beastmaster (Vaults:1)
  2 deep elf knights
  An iron troll (Zot:2)
  2 deep trolls
  2 hell knights
  A spriggan druid (Swamp:3)
  An ironheart convoker (Vaults:1)
  4 deep elf magi (Elf:1)
  2 ugly things (Vaults:1)
  A manticore (Shoals:1)
  3 moths of wrath
  2 water nymphs (Shoals:1)
  A guardian mummy (Crypt:2)
  A hornet (Swamp:3)
  9 slime creatures
  A spriggan (shapeshifter) (Vaults:1)
  A snapping turtle simulacrum (Crypt:2)
71 creatures vanquished.

Vanquished Creatures (others)
  A caustic shrike (Depths:5)
  An acid blob (Slime:5)
  Donald (Slime:2)
  2 azure jellies (Slime:5)
  4 stone giants
  A very ugly thing (Depths:1)
  An ettin (Depths:1)
  2 merfolk javelineers (Shoals:3)
  A yaktaur captain (Depths:5)
  A shadow wraith (Depths:3)
  A two-headed ogre (Depths:1)
  An ancient automaton (Slime:2)
  6 death oozes (Slime:5)
  A sea snake (Shoals:3)
  A deep troll earth mage (Depths:1)
  A deep troll (Depths:1)
  2 centaur warriors
  A glowing orange brain (Vaults:2)
  A wizard (Vaults:2)
  2 ironheart convokers (Vaults:2)
  2 cyclopes (Shoals:2)
  3 deep elf archers
  5 ugly things (Depths:1)
  3 fauns
  A cane toad (shapeshifter) (Vaults:2)
  8 yaktaurs
  A freezing wraith (Vaults:2)
  A polar bear (Depths:5)
  2 merfolk
  A tyrant leech (Swamp:2)
  11 slime creatures
  A wight (D:10)
  An orc wizard (Orc)
  3 orcs
  2 briar patches (Depths:4)
  5 fungi
  72 plants
  9 withered plants (Lair:6)
163 creatures vanquished.

Grand Total: 2057 creatures vanquished

Notes
Turn   | Place    | Note
-------+----------+-------------------------------------------
     0 | D:1      | zoran the Sand Dwarf Archaeologist began the quest for the
                  | Orb.
     0 | D:1      | Reached XP level 1. HP: 16/16 MP: 1/1
    18 | D:1      | Noticed an electric eel
   113 | D:1      | Reached XP level 2. HP: 21/23 MP: 2/2
   803 | D:2      | Reached XP level 3. HP: 29/29 MP: 3/3
  1439 | D:2      | Reached XP level 4. HP: 37/37 MP: 4/4
  1757 | D:3      | Noticed a centaur
  1788 | D:3      | Reached XP level 5. HP: 42/45 MP: 5/5
  1788 | D:3      | Identified a scroll of acquirement
  1789 | D:3      | Identified the +7 demon whip "Hoesan" {venom, Dex+3} (You
                  | acquired it on level 3 of the Dungeon)
  1789 | D:3      | Identified the +0 pair of gloves of the Beggar {rF+ rC+}
                  | (You acquired it on level 3 of the Dungeon)
  1789 | D:3      | Identified the amulet of the Tempest {Gourm rElec Dex+3}
                  | (You acquired it on level 3 of the Dungeon)
  1865 | D:3      | Reached skill level 5 in Maces & Flails
  1883 | D:3      | Reached skill level 1 in Armour
  1883 | D:3      | Reached XP level 6. HP: 38/52 MP: 6/6
  2469 | D:3      | Found a shimmering blue altar of Sif Muna.
  2649 | D:4      | Reached skill level 5 in Fighting
  2722 | D:4      | Found a hide-covered altar of Uskayaw.
  2722 | D:4      | Noticed a phantom
  2751 | D:4      | Killed a phantom
  2752 | D:4      | Reached skill level 1 in Evocations
  2752 | D:4      | Reached XP level 7. HP: 59/61 MP: 6/8
  2912 | D:4      | Got a brightly glowing gossamer ring
  2940 | D:4      | Noticed a troll
  2947 | D:4      | Killed a troll
  2980 | D:4      | Reached XP level 8. HP: 70/70 MP: 9/9
  3194 | D:5      | Entered Level 5 of the Dungeon
  3202 | D:5      | Reached skill level 5 in Armour
  3269 | D:5      | Found a shimmering altar of Xom.
  3273 | D:5      | Found a radiant altar of Vehumet.
  3275 | D:5      | Found an iron altar of Okawaru.
  3288 | D:5      | Found a hazy altar of Hepliaklqana.
  3319 | D:5      | Became a worshipper of Warmaster Okawaru
  3481 | D:5      | Identified the ring "Roety" {Ice Str+2} (You found it on
                  | level 4 of the Dungeon)
  4061 | D:6      | Noticed Grinder
  4084 | D:6      | Killed Grinder
  4084 | D:6      | Reached * piety under Okawaru
  4125 | D:6      | Noticed Pikel
  4279 | D:5      | Killed Pikel
  4279 | D:5      | Reached ** piety under Okawaru
  4280 | D:5      | Reached skill level 5 in Evocations
  4280 | D:5      | Reached XP level 9. HP: 40/81 MP: 10/12
  4479 | D:6      | Got a twisted trident
  4510 | D:6      | Noticed Duvessa
  4510 | D:6      | Noticed Dowan
  4531 | D:6      | Killed Dowan
  4532 | D:6      | Killed Duvessa
  4533 | D:6      | Reached skill level 5 in Invocations
  4613 | D:6      | Found a glowing golden altar of the Shining One.
  4635 | D:6      | Reached skill level 1 in Throwing
  4686 | D:6      | Found an ancient bone altar of Kikubaaqudgha.
  5195 | D:6      | Found a staircase to the Ecumenical Temple.
  5508 | D:7      | Found Qairun's Weapon Emporium.
  5517 | D:7      | Reached skill level 5 in Throwing
  5856 | D:7      | Noticed a catoblepas
  5903 | D:6      | Killed a catoblepas
  5903 | D:6      | Reached *** piety under Okawaru
  5903 | D:6      | Received a gift from Okawaru
  5904 | D:6      | Reached XP level 10. HP: 84/90 MP: 11/13
  6094 | D:7      | Found a snail-covered altar of Cheibriados.
  6102 | D:7      | Found a shattered altar of Ashenzari.
  6102 | D:7      | Found a stormy altar of Qazlal.
  6106 | D:7      | Found a blossoming altar of Fedhas.
  6571 | D:8      | Found Qovun's Antique Armour Shoppe.
  6587 | D:8      | Bought a glimmering helmet for 228 gold pieces
  6597 | D:8      | Identified the +0 helmet of the Lizard {rElec rPois MP+9
                  | Int-2} (You bought it in a shop on level 8 of the Dungeon)
  6624 | D:8      | Noticed an ogre mage
  6635 | D:8      | Killed an ogre mage
  6723 | D:8      | Reached **** piety under Okawaru
  6756 | D:8      | Received a gift from Okawaru
  6839 | D:8      | Found a staircase to the Lair.
  6840 | D:8      | Noticed an elephant
  6857 | D:8      | Killed an elephant
  6865 | D:8      | Reached skill level 10 in Fighting
  6965 | D:8      | Noticed Harold
  6986 | D:8      | Killed Harold
  6987 | D:8      | Reached XP level 11. HP: 68/99 MP: 14/14
  7126 | D:8      | Noticed a purple ugly thing
  7132 | D:8      | Killed a purple ugly thing
  7659 | Lair:1   | Entered Level 1 of the Lair of Beasts
  7927 | Lair:1   | Noticed a six-headed hydra
  7944 | Lair:1   | Killed a six-headed hydra
  7944 | Lair:1   | Reached ***** piety under Okawaru
  8024 | Lair:1   | Noticed Prince Ribbit
  8029 | Lair:1   | Reached skill level 10 in Armour
  8031 | Lair:1   | Killed Prince Ribbit
  8240 | Lair:1   | Received a gift from Okawaru
  8603 | Lair:2   | Noticed a manticore
  8610 | Lair:2   | Killed a manticore
  8631 | Lair:2   | Found a staircase to the Shoals.
  8650 | Lair:2   | Noticed a four-headed hydra
  8665 | Lair:2   | Killed a four-headed hydra
  8665 | Lair:2   | Received a gift from Okawaru
  8706 | Lair:2   | Noticed Urug
  8728 | Lair:2   | Killed Urug
  8729 | Lair:2   | Reached XP level 12. HP: 70/108 MP: 15/15
  8805 | Lair:2   | Reached skill level 10 in Throwing
  8926 | Lair:2   | Noticed an eight-headed hydra
  8936 | Lair:2   | Killed an eight-headed hydra
  8936 | Lair:2   | Received a gift from Okawaru
  9034 | Lair:2   | Noticed a six-headed hydra
  9046 | Lair:2   | Killed a six-headed hydra
  9047 | Lair:2   | Reached skill level 10 in Maces & Flails
  9150 | Lair:2   | Reached skill level 5 in Dodging
  9737 | Lair:3   | Got an ancient falchion
  9983 | Lair:3   | Noticed a five-headed hydra
  9992 | Lair:3   | Killed a five-headed hydra
 10155 | Lair:3   | Noticed Kirke
 10171 | Lair:3   | Killed Kirke
 10366 | Lair:3   | Noticed Gastronok
 10378 | Lair:3   | Killed Gastronok
 10378 | Lair:3   | Received a gift from Okawaru
 10378 | Lair:3   | Reached ****** piety under Okawaru
 10379 | Lair:3   | Reached XP level 13. HP: 112/118 MP: 18/18
 10729 | Lair:4   | Reached skill level 5 in Stealth
 10769 | Lair:4   | Found a gate leading to a gauntlet.
 10794 | Gauntlet | Entered a Gauntlet
 10794 | Gauntlet | Found a transporter.
 10794 | Gauntlet | Found a transporter.
 10832 | Gauntlet | Found a transporter.
 10848 | Gauntlet | Found a transporter.
 10869 | Gauntlet | Found a transporter.
 10869 | Gauntlet | Found a transporter.
 10886 | Gauntlet | Found a transporter.
 10892 | Gauntlet | Found a transporter.
 10897 | Gauntlet | Found a transporter.
 10897 | Gauntlet | Found a transporter.
 11019 | Gauntlet | Got a coiled wooden ring
 11215 | Gauntlet | Reached skill level 5 in Spellcasting
 11230 | Gauntlet | Got a warped bronze ring
 11238 | Gauntlet | Identified the ring "Acze Cya" {Ice -Tele rN+ Dex+4} (You
                  | found it in a Gauntlet)
 11240 | Gauntlet | Identified the cursed ring of Doustro {*Tele rF+ Dex+3}
                  | (You found it in a Gauntlet)
 11245 | Gauntlet | Identified the +9 trident of Deformation {elec, -Tele rC+
                  | MR+} (You found it on level 6 of the Dungeon)
 11246 | Gauntlet | Identified the +6 falchion "Migytememm" {freeze, rC+} (You
                  | found it on level 3 of the Lair of Beasts)
 11262 | Gauntlet | Identified the +9 lajatang of Might {elec, Int+4}
 11262 | Gauntlet | Noticed a minotaur
 11269 | Gauntlet | Killed a minotaur
 11669 | Lair:4   | Reached skill level 10 in Evocations
 11739 | Lair:4   | Found a staircase to the Swamp.
 11976 | Lair:5   | Received a gift from Okawaru
 12301 | Lair:5   | Reached skill level 1 in Shields
 12493 | Lair:5   | Found a staircase to the Elven Halls.
 12780 | Lair:6   | Entered Level 6 of the Lair of Beasts
 13083 | Lair:6   | Reached XP level 14. HP: 122/129 MP: 21/21
 13352 | Lair:6   | Noticed a dire elephant
 13352 | Lair:6   | Noticed a dire elephant
 13354 | Lair:6   | Noticed a dire elephant
 13850 | Lair:6   | Received a gift from Okawaru
 13865 | Lair:6   | Got a crude hunting sling {god gift}
 13928 | Lair:6   | Killed a dire elephant
 13958 | Lair:6   | Killed a dire elephant
 14176 | Lair:6   | Reached skill level 5 in Shields
 14311 | Lair:6   | Killed a dire elephant
 14320 | Lair:6   | Received a gift from Okawaru
 15000 | D:9      | Found Venoc's Antique Weapon Shop.
 15067 | D:9      | Found a staircase to the Orcish Mines.
 15238 | D:9      | Found a basalt altar of Yredelemnul.
 15497 | D:9      | Found an opulent altar of Gozag.
 15497 | D:9      | Found a glowing silver altar of Zin.
 15682 | D:10     | Entered Level 10 of the Dungeon
 15913 | D:9      | Received a gift from Okawaru
 16156 | D:10     | Received a gift from Okawaru
 16482 | D:10     | Received a gift from Okawaru
 16708 | D:11     | Got a polished scarf
 16742 | D:11     | Identified the scarf "Vuczo" {stasis, rElec MR- Int+4} (You
                  | found it on level 11 of the Dungeon)
 16828 | D:11     | Reached XP level 15. HP: 139/139 MP: 22/22
 17435 | D:11     | Found Lead's Antique Weapon Boutique.
 17514 | D:12     | Entered Level 12 of the Dungeon
 17700 | D:12     | Found Eriapnui's General Store.
 17913 | D:12     | Reached skill level 15 in Fighting
 18246 | D:12     | Bought a scroll of identify for 32 gold pieces
 18246 | D:12     | Bought a wand of acid (10) for 352 gold pieces
 18290 | D:12     | Noticed Roxanne
 18333 | D:12     | Killed Roxanne
 18333 | D:12     | Received a gift from Okawaru
 18334 | D:12     | Reached skill level 10 in Invocations
 18631 | D:12     | Found a gate to the Vaults.
 18906 | D:12     | Found a shadowy altar of Dithmenos.
 18953 | D:12     | Found Duuhoc's Mayhem Merchandise.
 19155 | D:12     | Found a staircase to the Depths.
 19233 | D:12     | Learned a level 2 spell: Blink
 19331 | Orc      | Entered the Orcish Mines
 19339 | Orc      | Found a staircase to the Slime Pits.
 19339 | Orc      | Found a viscous altar of Jiyva.
 19416 | Orc      | Found Kudin's General Store.
 19455 | Orc      | Bought a wand of digging (9) for 260 gold pieces
 19479 | Orc      | Reached skill level 1 in Translocations
 19493 | Orc      | Noticed Azrael
 19507 | Orc      | Killed Azrael
 19814 | Orc      | Found Pofuchaa's Jewellery Shop.
 19848 | Orc      | Reached skill level 10 in Shields
 20497 | Orc      | Found Posal's Gadget Shop.
 20498 | Orc      | Found Ciocas's Weapon Emporium.
 20498 | Orc      | Found Jygig's Antique Armour Emporium.
 20555 | Orc      | Bought a wand of clouds (5) for 306 gold pieces
 20555 | Orc      | Bought a wand of clouds (4) for 255 gold pieces
 20555 | Orc      | Bought a wand of iceblast (7) for 204 gold pieces
 20555 | Orc      | Bought a sack of spiders for 510 gold pieces
 20864 | Swamp:1  | Entered Level 1 of the Swamp
 20941 | Swamp:1  | Received a gift from Okawaru
 21059 | Swamp:1  | Reached skill level 5 in Translocations
 21059 | Swamp:1  | Noticed a thorn hunter
 21368 | Swamp:1  | Reached XP level 16. HP: 149/149 MP: 24/24
 21858 | Swamp:2  | Received a gift from Okawaru
 22360 | Swamp:2  | Received a gift from Okawaru
 22505 | Swamp:2  | Received a gift from Okawaru
 23096 | Swamp:3  | Entered Level 3 of the Swamp
 24068 | Swamp:3  | Noticed a ghoul
 24088 | Swamp:3  | Killed a ghoul
 24203 | Swamp:3  | Received a gift from Okawaru
 24303 | Swamp:3  | Noticed a bone dragon
 24329 | Swamp:3  | Noticed a bone dragon
 24368 | Swamp:2  | Killed a bone dragon
 24616 | Swamp:2  | Killed a bone dragon
 24617 | Swamp:2  | Reached XP level 17. HP: 156/156 MP: 29/29
 24845 | Swamp:3  | Received a gift from Okawaru
 25265 | Swamp:3  | Found a basalt altar of Yredelemnul.
 25278 | Swamp:3  | Got a decaying rune of Zot
 25304 | Swamp:3  | Found a blossoming altar of Fedhas.
 25347 | Swamp:3  | Received a gift from Okawaru
 25768 | Shoals:1 | Entered Level 1 of the Shoals
 26195 | Shoals:1 | Found a hide-covered altar of Uskayaw.
 26495 | Shoals:1 | Reached skill level 10 in Spellcasting
 26900 | Shoals:1 | Reached skill level 15 in Evocations
 27162 | Shoals:2 | Received a gift from Okawaru
 27368 | Shoals:2 | Reached XP level 18. HP: 104/163 MP: 32/32
 27577 | Shoals:2 | Found Ykkihuirph's General Store.
 27603 | Shoals:2 | Bought a scroll of torment for 135 gold pieces
 27603 | Shoals:2 | Bought a scroll of fear for 90 gold pieces
 27603 | Shoals:2 | Bought a potion of cancellation for 90 gold pieces
 27739 | Shoals:3 | Entered Level 3 of the Shoals
 28271 | Shoals:3 | Noticed Ilsuiw
 28287 | Shoals:3 | Killed Ilsuiw
 28495 | Shoals:3 | Got a barnacled rune of Zot
 28674 | Shoals:3 | Identified the +4 pair of gloves of the Wasteland {Dex+4}
                  | (Okawaru gifted it to you on level 3 of the Shoals)
 28674 | Shoals:3 | Received a gift from Okawaru
 28857 | Shoals:3 | Identified the +5 broad axe of Hopios {freeze, rN+ Dex+2
                  | Stlth+}
 28874 | Shoals:3 | Identified the Compendium of Burning Summoning
 29047 | Shoals:3 | Found Oraut's Armour Emporium.
 29435 | Vaults:1 | Entered Level 1 of the Vaults
 29461 | Vaults:1 | Reached skill level 15 in Maces & Flails
 30089 | Vaults:1 | Found Tiethua's Food Shoppe.
 30223 | Vaults:1 | Reached XP level 19. HP: 161/170 MP: 33/33
 30259 | Vaults:1 | Received a gift from Okawaru
 30461 | Vaults:1 | Received a gift from Okawaru
 30867 | Vaults:1 | Received a gift from Okawaru
 30941 | Vaults:1 | Found a staircase to the Crypt.
 30941 | Vaults:1 | Found an ancient bone altar of Kikubaaqudgha.
 30941 | Vaults:1 | Found a basalt altar of Yredelemnul.
 31256 | Vaults:2 | Reached skill level 15 in Shields
 31259 | Vaults:2 | Reached skill level 15 in Armour
 31295 | Vaults:2 | Identified the +4 mace of Purpose {venom, rPois rF+ Dex+4}
                  | (Okawaru gifted it to you on level 2 of the Vaults)
 31295 | Vaults:2 | Received a gift from Okawaru
 31988 | Vaults:2 | Noticed Zenata
 32008 | Vaults:2 | Killed Zenata
 32008 | Vaults:2 | Received a gift from Okawaru
 32126 | Vaults:2 | Received a gift from Okawaru
 32188 | Vaults:2 | Found Qekanad's Armour Shoppe.
 32261 | Vaults:2 | Reached XP level 20. HP: 132/185 MP: 34/34
 33451 | Orc      | Bought a fading chain mail for 323 gold pieces
 33451 | Orc      | Identified the +1 chain mail "Hoikkuzu" {Str+5} (You bought
                  | it in a shop in the Orcish Mines)
 33451 | Orc      | Bought a buzzing plate armour for 952 gold pieces
 33451 | Orc      | Identified the +3 plate armour "Joqe Aco" {Str+2 Dex+3
                  | Stlth+} (You bought it in a shop in the Orcish Mines)
 33622 | Depths:1 | Entered Level 1 of the Depths
 33622 | Depths:1 | Found Ydiodwed's Distillery.
 33663 | Depths:1 | Received a gift from Okawaru
 34006 | Depths:1 | Received a gift from Okawaru
 34059 | Depths:1 | Identified the +10 hunting sling "Qoblag" {flame, rPois rN+
                  | Str+2} (Okawaru gifted it to you on level 1 of the Depths)
 34059 | Depths:1 | Received a gift from Okawaru
 34205 | Depths:1 | Found Ofust's Book Shop.
 34205 | Depths:1 | Found Ekhluikk's Distillery.
 34367 | Depths:1 | Received a gift from Okawaru
 34411 | Depths:1 | Found Asoheb's Book Boutique.
 34414 | Depths:1 | Found Jypog's General Store.
 34622 | Depths:1 | Reached XP level 21. HP: 153/204 MP: 35/35
 34708 | Depths:1 | Found an opulent altar of Gozag.
 34762 | Depths:1 | Found a gateway to Hell.
 34767 | Depths:1 | Noticed a rockslime
 34797 | Depths:1 | Killed a rockslime
 35486 | Depths:2 | Found Hazy's Blood Bar.
 35518 | Depths:2 | Noticed Bai Suzhen
 35538 | Depths:2 | Killed Bai Suzhen
 35544 | Depths:2 | Noticed Mara
 35585 | Depths:2 | Killed Mara
 35656 | Depths:2 | Noticed Saint Roka
 35675 | Depths:2 | Killed Saint Roka
 36018 | Depths:2 | Received a gift from Okawaru
 36340 | Depths:2 | Found a one-way gate leading to the halls of Pandemonium.
 36343 | Depths:2 | Gained mutation: You are clumsy. (Dex -2) [a cacodemon]
 36351 | Depths:2 | Gained mutation: Your spells are a little easier to cast,
                  | but a little less powerful. [a cacodemon]
 37195 | Depths:2 | Learned a level 5 spell: Steam Barrier
 37236 | Depths:3 | Reached skill level 1 in Fire Magic
 37240 | Depths:3 | Reached skill level 1 in Charms
 37266 | Depths:2 | Reached XP level 22. HP: 148/215 MP: 36/36
 37442 | Depths:3 | Noticed a caustic shrike
 38064 | Elf:1    | Entered Level 1 of the Elven Halls
 38064 | Elf:1    | Found a runed gate.
 38064 | Elf:1    | Found a runed gate.
 38064 | Elf:1    | Found a runed gate.
 38064 | Elf:1    | Found a runed gate.
 38064 | Elf:1    | Found a runed gate.
 38064 | Elf:1    | Found a runed gate.
 38067 | Elf:1    | Found a runed door.
 38075 | Elf:1    | Found a runed door.
 38398 | Elf:1    | Identified the ring "Ucrojop" {+Fly rF+}
 38613 | Elf:1    | Identified Sif Muna's Grimoire of Flames and Conjuration
 38660 | Elf:1    | Reached skill level 5 in Fire Magic
 38721 | Elf:1    | Received a gift from Okawaru
 39112 | Elf:1    | Reached skill level 5 in Charms
 39898 | Elf:2    | Received a gift from Okawaru
 39982 | Elf:2    | Found a runed gate.
 39982 | Elf:2    | Found a runed gate.
 39986 | Elf:2    | Found a runed gate.
 40428 | Orc      | Bought an uncursed ring of resist corrosion for 425 gold
                  | pieces
 40487 | Slime:1  | Entered Level 1 of the Pits of Slime
 40541 | Slime:1  | Learned a level 3 spell: Regeneration
 40618 | Slime:1  | Reached skill level 1 in Necromancy
 40694 | Slime:1  | Received a gift from Okawaru
 41426 | Slime:2  | Killed Donald
 41531 | Slime:2  | Received a gift from Okawaru
 41830 | Slime:2  | Received a gift from Okawaru
 42226 | Slime:2  | Reached skill level 5 in Necromancy
 42781 | Slime:3  | Reached XP level 23. HP: 103/223 MP: 25/37
 43931 | Slime:4  | Reached skill level 10 in Fire Magic
 43961 | Slime:3  | Received a gift from Okawaru
 44161 | Slime:4  | Reached skill level 10 in Charms
 44990 | Slime:5  | Entered Level 5 of the Pits of Slime
 45367 | Slime:5  | Received a gift from Okawaru
 45630 | Slime:5  | Noticed the Royal Jelly
 45858 | Slime:5  | Found a viscous altar of Jiyva.
 45870 | Slime:5  | Received a gift from Okawaru
 46222 | Slime:5  | Killed the Royal Jelly
 46222 | Slime:5  | Received a gift from Okawaru
 46303 | Slime:5  | Identified the Incunabulum of Conjuration and the Rocks
 46450 | Slime:5  | Got a slimy rune of Zot
 48146 | Depths:3 | Noticed a caustic shrike
 48281 | Depths:3 | Noticed a caustic shrike
 48403 | Depths:3 | Killed a caustic shrike
 48424 | Depths:3 | Killed a caustic shrike
 48425 | Depths:3 | Reached XP level 24. HP: 188/231 MP: 37/37
 48491 | Depths:3 | Noticed a caustic shrike
 48523 | Depths:3 | Killed a caustic shrike
 48536 | Depths:3 | Killed a caustic shrike
 48700 | Depths:3 | Identified the +3 demon whip of Premature Burial {slash,
                  | rN++ Str+5 Stlth-} (Okawaru gifted it to you on level 3 of
                  | the Depths)
 48700 | Depths:3 | Received a gift from Okawaru
 49104 | Depths:3 | Found the +2 cloak of the Thief {+Fog +Inv Slay-2 SInv
                  | Stlth+}
 49107 | Depths:3 | Found a shadowy altar of Dithmenos.
 49175 | Depths:3 | Identified The Grimoire of Greatest Risks and Utility
 49970 | Depths:4 | Found a radiant altar of Vehumet.
 49972 | Depths:4 | Identified the +2 faerie dragon scales {rCorr Str+4 Dex+6}
 49972 | Depths:4 | Noticed the Enchantress
 49975 | Depths:4 | Received a gift from Okawaru
 49980 | Depths:4 | Killed the Enchantress
 50150 | Depths:4 | Noticed a golden dragon
 50166 | Depths:4 | Killed a golden dragon
 50166 | Depths:4 | Received a gift from Okawaru
 50351 | Depths:4 | Learned a level 5 spell: Dispel Undead
 50358 | Depths:4 | Learned a level 6 spell: Death Channel
 50591 | Depths:4 | Noticed a juggernaut
 50636 | Depths:4 | Killed a juggernaut
 50779 | Depths:4 | Found a one-way gate to the infinite horrors of the Abyss.
 50821 | Depths:4 | Found a gateway to a ziggurat.
 51713 | Depths:4 | Reached skill level 10 in Necromancy
 52639 | Depths:5 | Entered Level 5 of the Depths
 52659 | Depths:5 | Noticed a caustic shrike
 52659 | Depths:5 | Noticed a caustic shrike
 52659 | Depths:5 | Noticed a caustic shrike
 52688 | Depths:5 | Killed a caustic shrike
 52702 | Depths:5 | Killed a caustic shrike
 52703 | Depths:5 | Reached XP level 25. HP: 122/238 MP: 37/37
 53035 | Depths:5 | Received a gift from Okawaru
 53072 | Depths:5 | Identified the +7 great mace of Meluavul {venom, Dex+3}
 53075 | Depths:5 | Found a shattered altar of Ashenzari.
 53142 | Depths:5 | Noticed a golden dragon
 53172 | Depths:5 | Killed a golden dragon
 54193 | Depths:5 | Noticed a golden dragon
 54213 | Depths:5 | Killed a golden dragon
 54460 | Depths:5 | Found a gate to the Realm of Zot.
 55109 | Orc      | Bought the ring "Mosuirgha" {+Fly rC++ rN+ Str+3} for 899
                  | gold pieces
 55612 | Crypt:1  | Entered Level 1 of the Crypt
 55829 | Crypt:1  | Received a gift from Okawaru
 56095 | Crypt:1  | Identified the scarf "Okefe" {Spirit, rC+ Int+2 Dex+2}
 56126 | Crypt:1  | Noticed Sojobo
 56176 | Crypt:1  | Killed Sojobo
 56663 | Crypt:1  | Received a gift from Okawaru
 57064 | Crypt:2  | Entered Level 2 of the Crypt
 57530 | Crypt:2  | Identified the +10 plate armour "Piuly" {rElec} (You
                  | acquired it on level 2 of the Crypt)
 57530 | Crypt:2  | Identified the ring "Woaliser" {Dex+5 SInv} (You acquired
                  | it on level 2 of the Crypt)
 57530 | Crypt:2  | Identified the Volume of Scorching Augmentations (You
                  | acquired it on level 2 of the Crypt)
 57667 | Crypt:1  | Reached XP level 26. HP: 77/246 MP: 37/37
 58379 | Crypt:2  | Identified the ring of Plog {rElec Int-2 Dex+2 Stlth--}
 58467 | Crypt:2  | Paralysed by a vampire knight for 2 turns
 58539 | Crypt:2  | Identified the +0 trident of Articulation {distort, rElec
                  | MR+ MP+9 Dex-5}
 59221 | Crypt:2  | Found a staircase to the Tomb.
 59276 | Crypt:2  | Found an ancient bone altar of Kikubaaqudgha.
 59498 | Crypt:2  | Found a basalt altar of Yredelemnul.
 60250 | Zot:1    | Entered Level 1 of the Realm of Zot
 60770 | Zot:1    | Received a gift from Okawaru
 61276 | Zot:2    | Received a gift from Okawaru
 61546 | Zot:2    | Received a gift from Okawaru
 63708 | Zot:3    | Noticed a golden dragon
 63759 | Zot:2    | Learned a level 2 spell: Corpse Rot
 63779 | Zot:3    | Reached XP level 27. HP: 240/254 MP: 39/39
 63992 | Zot:3    | Slain by a red draconian knight

Skill      XL: |  1  2  3  4  5  6  7  8  9 10 11 12 13 14 15 16 17 18 19 20 21 22 23 24 25 26 27 |
---------------+----------------------------------------------------------------------------------+-----
Maces & Flails | 2 4 5 6 8 9 12 13 15 | 15.0
Fighting       | 2 3 5 6 8 10 12 13 14 15 17 21 22 | 22.0
Stealth        | 3 4 5 |  5.0
Dodging        | 3 4 5 |  5.0
Armour         | 1 3 4 5 6 8 10 11 13 15 18 19 20 | 20.3
Evocations     | 1 2 5 7 10 13 15 | 15.0
Invocations    | 4 5 6 9 10 | 10.0
Throwing       | 5 7 9 10 | 10.0
Spellcasting   | 3 5 8 10 12 | 12.0
Shields        | 2 7 10 11 12 14 15 17 20 22 | 22.0
Translocations | 5 |  5.0
Fire Magic     | 2 8 12 13 14 | 14.0
Charms         | 1 8 10 11 13 | 13.0
Necromancy     | 5 10 13 | 13.0

Action                   |  1- 3 |  4- 6 |  7- 9 | 10-12 | 13-15 | 16-18 | 19-21 | 22-24 | 25-27 || total
-------------------------+-------+-------+-------+-------+-------+-------+-------+-------+-------++-------
Melee: Whip              |   213 |    29 |       |       |       |       |       |       |       ||   242
       Demon whip        |       |    50 |   187 |   345 |  1374 |  1021 |   956 |  1489 |  1495 ||  6917
       Unarmed           |       |       |     7 |       |       |       |       |       |       ||     7
       Punch             |       |       |       |     2 |     1 |       |       |       |       ||     3
 Fire: Blowgun           |     1 |       |       |       |       |       |       |     4 |       ||     5
Throw: Tomahawk          |     5 |    51 |    48 |    97 |    99 |   627 |   308 |   639 |   260 ||  2134
 Cast: Blink             |       |       |       |       |       |     2 |     8 |    10 |    10 ||    30
       Regeneration      |       |       |       |       |       |       |       |     2 |       ||     2
       Steam Barrier     |       |       |       |       |       |       |       |     4 |     5 ||     9
       Dispel Undead     |       |       |       |       |       |       |       |       |    33 ||    33
       Death Channel     |       |       |       |       |       |       |       |       |    18 ||    18
Invok: Heroism           |       |       |     4 |    15 |    32 |    37 |    22 |    31 |    20 ||   161
       Finesse           |       |       |       |       |     3 |     7 |     3 |    10 |     3 ||    26
 Abil: Evoke Invisibilit |       |       |       |       |       |       |       |       |     1 ||     1
Evoke: Wand              |       |       |       |       |    25 |    48 |    31 |    40 |    42 ||   186
       Sack of spiders   |       |       |       |       |       |     5 |     7 |     7 |     4 ||    23
       Fan of gales      |       |       |       |       |       |     3 |     3 |     7 |     1 ||    14
       Phantom mirror    |       |       |       |       |       |     1 |       |     2 |     1 ||     4
       Lamp of fire      |       |       |       |       |       |     1 |    11 |     8 |     6 ||    26
       Phial of floods   |       |       |       |       |       |     1 |     5 |     9 |     4 ||    19
       Box of beasts     |       |       |       |       |       |       |       |       |     4 ||     4
  Use: Scroll            |     2 |     7 |     3 |     6 |    12 |     9 |     7 |    10 |    18 ||    74
       Potion            |       |       |       |     1 |       |     7 |     3 |     9 |     7 ||    27
 Stab: Sleeping          |       |     3 |       |       |       |       |       |       |       ||     3
       Distracted        |       |     1 |       |       |       |     3 |     1 |     5 |     6 ||    16
       Paralysed         |       |       |       |       |     4 |       |     6 |    20 |     2 ||    32
       Confused          |       |       |       |       |       |     3 |     3 |       |     2 ||     8
       Held in net/web   |       |       |       |       |       |       |       |     1 |       ||     1
  Eat: Chunk             |     8 |     8 |    17 |    20 |    33 |    22 |    26 |    26 |    12 ||   172
       Ration            |       |       |       |     1 |     7 |    10 |     5 |    17 |    18 ||    58
Armor: Robe              |    68 |    20 |     7 |       |       |       |       |       |       ||    95
       Chain mail        |       |       |   101 |   155 |    15 |       |       |       |       ||   271
       Plate armour      |       |       |       |       |   287 |   684 |   283 |   239 |       ||  1493
       Ice dragon scales |       |       |       |       |    94 |       |       |       |       ||    94
       Crystal plate arm |       |       |       |       |       |       |       |   251 |   591 ||   842
Dodge: Dodged            |   193 |    62 |    93 |   147 |   276 |   298 |   122 |   190 |   222 ||  1603
       Deflected         |       |       |       |       |    15 |    34 |    21 |    33 |     7 ||   110
Block: Other             |       |       |       |    12 |    26 |       |       |       |       ||    38
       Buckler           |       |       |       |       |   550 |   124 |       |       |       ||   674
       Reflection        |       |       |       |       |    46 |    93 |    74 |    50 |    27 ||   290
       Medium shield     |       |       |       |       |       |  1016 |   703 |  1000 |  1258 ||  3977
